 Dungeon Crawl Stone Soup version 0.20.0-15-g7f486f2 (webtiles) character file.

2706 Jannitor the Carver (level 9, 0/66 HPs)
             Began as a Vampire Gladiator on June 11, 2017.
             Was a Follower of Makhleb.
             Killed by the air
             ... invoked by Gastronok
              (8 damage)
             ... on level 8 of the Dungeon.
             The game lasted 00:15:57 (7705 turns).

Jannitor the Carver (Vampire Gladiator)             Turns: 7705, Time: 00:15:59

Health: 0/66       AC:  9    Str: 13    XL:     9   Next: 39%
Magic:  10/10      EV: 17    Int: 16    God:    Makhleb [*.....]
Gold:   205        SH:  3    Dex: 18    Spells: 8/8 levels left

rFire    + + .     SeeInvis +   x - +0 scimitar
rCold    + . .     Gourm    .   (no shield)
rNeg     + . .     Faith    .   l - +2 leather armour {rF+}
rPois    +         Spirit   .   (helmet restricted)
rElec    +         Reflect  +   G - +0 cloak
rCorr    +         Harm     .   j - +0 pair of gloves
MR       .....                  (no boots)
Stlth    +.........             B - +3 amulet of reflection
Regen    0.3/turn               (no ring)
MPRegen  0.2/turn               (no ring)

@: brilliant, resistant, very slightly contaminated, invisible
A: fangs 3, horns 1, thin metallic scales 1, see invisible, unbreathing
a: Bat Form, Renounce Religion


You were on level 8 of the Dungeon.
You worshipped Makhleb.
Makhleb was aware of your devotion.
You were not thirsty.

You visited 2 branches of the dungeon, and saw 9 of its levels.
You also visited: Sewer.

You collected 387 gold pieces.
You spent 182 gold pieces at shops.

Inventory:

Hand Weapons
 a - a +0 long sword
 x - a +0 scimitar (weapon)
Missiles
 d - a throwing net (quivered)
Armour
 b - a +0 leather armour
 c - a +0 helmet
 j - a +0 pair of gloves (worn)
 l - a +2 leather armour of fire resistance (worn)
 m - a +0 pair of gloves
 G - a +0 cloak (worn)
Jewellery
 B - a +3 amulet of reflection (around neck)
Wands
 y - a wand of confusion (17/48)
 E - a wand of polymorph (11/24)
 K - a wand of digging (4/24)
 M - a wand of polymorph (20/24)
Scrolls
 n - 3 scrolls of recharging {unknown}
 p - a scroll of immolation {unknown}
 q - 4 scrolls of blinking {unknown}
 r - a scroll of remove curse
 s - 3 scrolls of teleportation {unknown}
 u - 2 scrolls of enchant weapon {unknown}
 v - 2 scrolls of identify
 w - a scroll of random uselessness {unknown}
 z - 2 scrolls of amnesia
 D - 3 scrolls of fear
 F - a scroll of acquirement {unknown}
 J - a scroll of fog
 N - a scroll of torment {unknown}
Potions
 f - 5 potions of curing
 g - 3 potions of lignification
 h - 4 potions of heal wounds
 i - 6 potions of blood
 k - 4 potions of flight
 o - a potion of might
 A - a potion of ambrosia
 C - a potion of brilliance
Books
 e - a book of Maledictions

   Spells                             Type                      Level
   a - Corona                         Hexes                        1
   b - Ensorcelled Hibernation        Hexes/Ice                    2
   c - Confuse                        Hexes                        3
   d - Tukima's Dance                 Hexes                        3
   e - Dazzling Spray                 Conjuration/Hexes            3
 I - a book of Flames

   Spells                             Type                      Level
   a - Flame Tongue                   Conjuration/Fire             1
   b - Throw Flame                    Conjuration/Fire             2
   c - Conjure Flame                  Conjuration/Fire             3
   d - Inner Flame                    Hexes/Fire                   3
   e - Sticky Flame                   Conjuration/Fire             4
   f - Fireball                       Conjuration/Fire             5
 L - a book of Conjurations

   Spells                             Type                      Level
   a - Magic Dart                     Conjuration                  1
   b - Searing Ray                    Conjuration                  2
   c - Dazzling Spray                 Conjuration/Hexes            3
   d - Fulminant Prism                Conjuration/Hexes            4
   e - Force Lance                    Conjuration/Translocation    4
   f - Iskenderun's Mystic Blast      Conjuration                  4


   Skills:
 + Level 4.7 Fighting
 + Level 10.2 Long Blades
 - Level 1.5 Throwing
 + Level 7.9 Dodging
 + Level 1.5 Invocations


You had 8 spell levels left.
You didn't know any spells.

Dungeon Overview and Level Annotations

Branches:
Dungeon (8/15)             Temple (1/1) D:7
   Lair: D:8-11

Altars:
Ashenzari
Cheibriados
Dithmenos
Elyvilon
Fedhas
Gozag
Hepliaklqana
Kikubaaqudgha
Makhleb
Nemelex Xobeh
Okawaru
Qazlal
Ru
Sif Muna
Trog
Uskayaw
Vehumet
Xom
Yredelemnul
Zin
The Shining One

Shops:
D:6 !

Annotations:
D:2 1 runed door
D:4 2 transporters, exclusion: ogre
D:8 Gastronok


Innate Abilities, Weirdness & Mutations

You have razor-sharp teeth.
You have supernaturally acute eyesight. (SInv)
You can survive without breathing.
You have a pair of small horns on your head.
You are partially covered in thin metallic scales. (AC +2)


Message History

The kobold misses you. The big kobold misses you.
The kobold throws a stone.
The stone closely misses the big kobold.
The stone closely misses you. Gastronok bites you!!
Ouch! That really hurt!
You are very lightly contaminated with residual magic.
The kobold closely misses you.
You bump into the rock wall.
You feel less invigorated.
You feel less confused. The kobold closely misses you.
The big kobold closely misses you. Gastronok bites you!
Gastronok mumbles some strange words.
Gastronok bites you!!
* * * LOW HITPOINT WARNING * * *
The big kobold closely misses you.
You riposte.
You catch the helpless big kobold completely off-guard!
You slash the big kobold!
The big kobold is heavily wounded.
Gastronok waves his eye-stalks in wide circles.
The air twists around and strikes you!
You die...

.....'....'......>...# #.##.#
.#.###....##.###.....# #.##.#
.#.# #....##.# #.....# #.##.#
.#.###....##+###...[.# #.##.#
........###....(.....# #.##.#
.#.####.###...wK.....#.#.##.#
.#.# #..##..r.......#.#.##.#
.#.# ##.###+###K....#.#.##.#
.#.# #..##....@.####.#.##.#
.#.# ##.#######.# #.#....#
.#.# #..# #.# #.##########
##.# ##.# #.# #...........
#.# #.# ####.####..#########
#.# #.# #..........# #.#
#.###.##.#####.# #.#
#..##.##)# #.# #.# ##.##.##.#
#+#


You could see Gastronok, a big kobold and a kobold.

Vanquished Creatures
  Grinder (D:4)
  Eustachio (D:4)
  An orc warrior (D:7)
  2 phantoms
  2 ogres
  3 centaurs (D:8)
  A crocodile (D:4)
  A big kobold (Sewer)
  3 bullfrogs
  A killer bee (D:5)
  2 scorpions
  4 wights (D:4)
  3 crimson imps (D:7)
  2 hounds
  2 bullfrog zombies
  A centaur skeleton (D:8)
  A quasit (D:6)
  3 orc priests
  6 orc wizards
  Natasha (D:4)
  An iguana (D:6)
  5 worker ants
  A hound skeleton (D:6)
  A howler monkey zombie (D:6)
  A howler monkey skeleton (D:4)
  4 gnolls (D:5)
  12 adders
  5 river rats
  A shadow imp (D:6)
  2 oozes
  An adder skeleton (D:8)
  A dart slug (D:3)
  3 leopard geckos
  11 orcs
  4 giant cockroaches
  6 goblins
  12 hobgoblins
  13 jackals
  4 quokkas
  5 ball pythons
  6 bats
  3 frilled lizards
  A giant cockroach zombie (D:6)
  14 kobolds
  2 leopard gecko skeletons (D:4)
  2 quokka skeletons
  11 rats
  A toadstool (D:1)
174 creatures vanquished.

Vanquished Creatures (others)
  An orc wizard (D:3)
  3 toadstools (D:1)
4 creatures vanquished.

Grand Total: 178 creatures vanquished

Notes
Turn   | Place    | Note
-------+----------+-------------------------------------------
     0 | D:1      | Jannitor the Vampire Gladiator began the quest for the Orb.
     0 | D:1      | Reached XP level 1. HP: 16/16 MP: 1/1
   242 | D:1      | Reached XP level 2. HP: 22/22 MP: 2/2
   492 | D:1      | Reached skill level 4 in Long Blades
   710 | D:2      | Reached XP level 3. HP: 23/27 MP: 3/3
  1170 | D:2      | Found a runed door.
  1319 | D:2      | Reached XP level 4. HP: 32/33 MP: 4/4
  1547 | D:3      | Reached skill level 5 in Long Blades
  1657 | D:3      | Found a glowing drain.
  1680 | D:3      | Reached XP level 5. HP: 22/38 MP: 5/5
  1760 | Sewer    | Entered a sewer
  1774 | Sewer    | Reached skill level 6 in Long Blades
  2062 | Sewer    | Found a glowing silver altar of Zin.
  2149 | D:3      | Found an iron altar of Okawaru.
  2286 | D:3      | Reached XP level 6. HP: 42/44 MP: 6/6
  2717 | D:4      | Reached skill level 7 in Long Blades
  3075 | D:4      | Noticed Eustachio
  3102 | D:4      | Killed Eustachio
  3102 | D:4      | Reached skill level 8 in Long Blades
  3102 | D:4      | Reached XP level 7. HP: 23/49 MP: 7/7
  3236 | D:4      | Noticed Grinder
  3239 | D:4      | Paralysed by Grinder for 2 turns
  3251 | D:4      | Found a transporter.
  3252 | D:4      | Killed Grinder
  3339 | D:4      | Found a transporter.
  3513 | D:4      | Reached skill level 5 in Dodging
  3844 | D:4      | Noticed Natasha
  3852 | D:4      | Killed Natasha
  3852 | D:4      | Reached XP level 8. HP: 47/55 MP: 8/8
  4255 | D:4      | Reached skill level 9 in Long Blades
  4259 | D:5      | Entered Level 5 of the Dungeon
  5554 | D:6      | Found a glowing silver altar of Zin.
  5570 | D:6      | Found Migoll's Distillery.
  5586 | D:6      | Bought a potion of heal wounds for 70 gold pieces
  5586 | D:6      | Bought a potion of mutation for 112 gold pieces
  5586 | D:6      | Gained mutation: You have a pair of small horns on your head. [potion of mutation]
  5586 | D:6      | Gained mutation: You are partially covered in thin metallic scales. (AC +2) [potion of mutation]
  6238 | D:7      | Found a staircase to the Ecumenical Temple.
  6247 | Temple   | Entered the Ecumenical Temple
  6294 | Temple   | Became a worshipper of Makhleb the Destroyer
  6505 | D:7      | Reached XP level 9. HP: 64/65 MP: 9/9
  6531 | D:7      | Found a hide-covered altar of Uskayaw.
  6687 | D:7      | Reached skill level 10 in Long Blades
  7467 | D:8      | Reached skill level 1 in Invocations
  7469 | D:8      | Reached * piety under Makhleb
  7686 | D:8      | Noticed Gastronok
  7705 | D:8      | Killed from afar by Gastronok

Skill      XL: |  1  2  3  4  5  6  7  8  9 |
---------------+----------------------------+-----
Long Blades    | 4 5 6 8 9 10 | 10.2
Dodging        | 5 7 |  7.9
Fighting       | 3 4 |  4.7
Invocations    | 1 |  1.5
Throwing       | |  1.5

Action                   |  1- 3 |  4- 6 |  7- 9 || total
-------------------------+-------+-------+-------++-------
Melee: Long sword        |   111 |   173 |    68 ||   352
       Bite              |    10 |    20 |    62 ||    92
       Scimitar          |       |       |   330 ||   330
       Headbutt          |       |       |    35 ||    35
Throw: Throwing net      |       |     3 |       ||     3
Evoke: Wand              |       |       |     1 ||     1
  Use: Potion            |     6 |    11 |    29 ||    46
       Scroll            |       |     5 |     1 ||     6
 Stab: Sleeping          |     3 |     1 |     2 ||     6
       Held in net/web   |       |     3 |       ||     3
       Confused          |       |       |     2 ||     2
       Invisible         |       |       |     1 ||     1
Armor: Leather armour    |    25 |    56 |    71 ||   152
       Skin              |       |    21 |       ||    21
Dodge: Dodged            |    94 |   124 |   268 ||   486
Block: Other             |       |       |    12 ||    12
       Reflection        |       |       |     1 ||     1
       Rpst.: Long sword |    30 |    40 |    14 ||    84
       Scimitar          |       |       |    73 ||    73
